 Dungeon Crawl Stone Soup version 0.26-a0-852-g6321bf7485 (webtiles) character file.

Game seed: 7732393181064019036

3111 oldriver the Destroyer (level 9, -2/45 HPs)
             Began as a Gargoyle Fire Elementalist on Nov 22, 2020.
             Was a Follower of Vehumet.
             Killed by divine providence
             ... invoked by an orc priest
              (13 damage)
             ... on level 7 of the Dungeon.
             The game lasted 00:18:02 (12131 turns).

oldriver the Destroyer (GrFE)                      Turns: 12131, Time: 00:18:03

Health: -2/45      AC: 12    Str: 12    XL:     9   Next: 91%
Magic:  22/29      EV: 12    Int: 19    God:    Vehumet [*.....]
Gold:   129        SH:  5    Dex: 10    Spells: 10/23 levels left

rFire    . . .     SeeInvis .   o - +1 dagger
rCold    . . .     Faith    .   (no shield)
rNeg     + . .     Spirit   .   a - +0 robe
rPois    ∞         Reflect  +   k - +2 helmet
rElec    +         Harm     .   G - +0 cloak
rCorr    .         Rampage  .   (no gloves)
MR       .....                  (no boots)
Stlth    ++........             r - amulet of reflection
HPRegen  0.15/turn              x - ring of wizardry
MPRegen  0.21/turn              n - ring of magical power

@: no status effects
A: negative energy resistance 1, electricity resistance, unbreathing,
petrification resistance, rot immunity, AC +6
a: Renounce Religion


You were on level 7 of the Dungeon.
You worshipped Vehumet.
Vehumet was aware of your devotion.
You visited 2 branches of the dungeon, and saw 8 of its levels.
You also visited: Ossuary.

You collected 489 gold pieces.
You spent 360 gold pieces at shops.

Inventory:

Hand Weapons
 o - a +1 dagger (weapon)
Armour
 a - a +0 robe (worn)
 k - a +2 helmet (worn)
 G - a +0 cloak (worn)
Jewellery
 n - a ring of magical power (right hand)
 r - an amulet of reflection (around neck)
 x - a ring of wizardry (left hand)
Wands
 s - a wand of random effects (12)
 w - a wand of polymorph (3)
 y - a wand of paralysis (7)
 D - a wand of digging (2)
Scrolls
 b - 7 scrolls of remove curse
 d - 8 scrolls of identify
 f - 2 scrolls of blinking
 g - a scroll of fear
 i - 4 scrolls of enchant weapon
 j - 3 scrolls of enchant armour
 t - 2 scrolls of teleportation
 C - a scroll of magic mapping
Potions
 c - a potion of curing
 e - 3 potions of berserk rage {unknown}
 h - 3 potions of lignification {unknown}
 m - 3 potions of magic {unknown}
 p - 4 potions of attraction {unknown}
 q - a potion of mutation {unknown}
 u - 2 potions of invisibility
 v - a potion of cancellation {unknown}
 z - 2 potions of might {unknown}
 A - 3 potions of ambrosia {unknown}
 B - a potion of flight {unknown}
 E - a potion of heal wounds
 F - a potion of haste {unknown}


   Skills:
 + Level 0.1 Fighting
 + Level 2.1 Dodging
 + Level 3.1 Stealth
 + Level 0.2 Shields
 + Level 0.5 Unarmed Combat
 * Level 7.5 Spellcasting
 * Level 8.2 Conjurations
 * Level 8.0 Fire Magic


You had 10 spell levels left.
You knew the following spells:

 Your Spells              Type           Power        Failure   Level
a - Foxfire               Conj/Fire      ####         1%          1
b - Conjure Flame         Conj/Fire      #####...     1%          3
c - Sticky Flame          Conj/Fire      #####...     1%          4
d - Fireball              Conj/Fire      #####.....   4%          5

Your spell library contained the following spells:

 Spells                   Type           Power        Failure   Level
 Freeze                   Ice            #...         4%          1
 Magic Dart               Conj           ####         1%          1
 Inner Flame              Hex/Fire       ###.....     2%          3
 Mephitic Cloud           Conj/Pois/Air  ###.....     4%          3
 Blink                    Tloc           N/A          6%          2
 Call Imp                 Summ           #.......     6%          2
 Slow                     Hex            #.......     6%          2


Dungeon Overview and Level Annotations

Branches:
Dungeon (7/15)             Temple (1/1) D:6         Ossuary (visited)

Altars:
Ashenzari
Cheibriados
Dithmenos
Elyvilon
Fedhas
Gozag
Hepliaklqana
Kikubaaqudgha
Makhleb
Nemelex Xobeh
Okawaru
Ru
Sif Muna
Trog
Uskayaw
Vehumet
Xom
Yredelemnul
Zin
The Shining One

Shops:
D:4 *=![[

Annotations:
D:3 1 runed translucent door, Crazy Yiuf


Innate Abilities, Weirdness & Mutations

You are resistant to torment.
Your stone body is resilient. (AC +6)
You are immune to poison.
You resist negative energy. (rN+)
You are resistant to electric shocks. (rElec)
You can survive without breathing.
You are immune to petrification.
You are immune to rotting.


Message History

The orc priest is moderately wounded.
The orc priest mumbles some strange prayers to Beogh against you.
Beogh smites you!
* * * LOW HITPOINT WARNING * * *
Casting: Foxfire (safe; 1% risk of failure)
Confirm with . or Enter, or press ? or * to list all spells.
You conjure some foxfire!
Your foxfire dissipates!
The foxfire hits the orc priest.
The orc priest is heavily wounded.
Casting: Foxfire (safe; 1% risk of failure)
Confirm with . or Enter, or press ? or * to list all spells.
You conjure some foxfire!
The foxfire hits the orc priest but does no damage.
The orc priest is heavily wounded.
The foxfire hits the orc priest.
The orc priest is severely wounded.
The orc priest calls down the wrath of Beogh upon you.
Beogh smites you!
You die...

....#.###.# # ..
#.######
#.#####.#....#
.......#o..##.#
#.#####......#.# ####
# ......§§.....# ...#
#####§§..#.###
.#.######### ##.#.#.#
.#.........# #@#...#
.#....####.#####.#####
.#.##.## #.......#
##.....#########.#
....)....# #.#
##.....#.# ###
#.#####.##### ###
#.....# #####.#


You could see an orc priest.

Vanquished Creatures
  Maggie (D:6)
  Sigmund (D:3)
  Eustachio (D:6)
  Menkaure (D:4)
  Duvessa (D:6)
  A sky beast (D:5)
  An ice beast (D:4)
  2 ogres (D:6)
  3 centaurs
  Blork the orc (D:6)
  A bullfrog (D:6)
  2 water moccasin zombies (Ossuary)
  Dowan (D:6)
  2 scorpions
  A howler monkey (D:5)
  6 orc priests
  A gnoll shaman (D:7)
  5 hounds
  2 jellies
  A centaur skeleton (D:6)
  3 orc wizards
  4 worker ants
  Terence (D:1)
  An iguana (D:4)
  A killer bee zombie (D:6)
  A big kobold zombie (Ossuary)
  A hound skeleton (D:4)
  A hound zombie (D:6)
  3 mummies
  2 worker ant zombies (D:6)
  Robin (D:2)
  16 gnolls
  9 adders
  3 shadow imps
  A white imp (D:5)
  An ufetubus (D:5)
  4 adder zombies
  An adder skeleton (D:7)
  4 worms
  3 dart slugs
  8 leopard geckos
  26 orcs
  13 bats
  8 giant cockroaches
  3 gnoll zombies (Ossuary)
  10 goblins
  10 hobgoblins
  3 jackals (D:3)
  5 quokkas
  A ball python (D:1)
  A ball python zombie (D:6)
  2 frilled lizards
  5 hobgoblin zombies
  9 kobolds
  8 kobold zombies (Ossuary)
  A leopard gecko skeleton (D:4)
  8 orc zombies
  A quokka skeleton (D:4)
  9 rats
227 creatures vanquished.

Vanquished Creatures (others)
  1449 foxfires
  3 fungi (D:3)
1452 creatures vanquished.

Grand Total: 1679 creatures vanquished

Notes
Turn   | Place    | Note
-------+----------+-------------------------------------------
     0 | D:1      | oldriver the Gargoyle Fire Elementalist began the quest for
                  | the Orb.
     0 | D:1      | Reached XP level 1. HP: 10/10 MP: 3/3
    59 | D:1      | Reached XP level 2. HP: 15/15 MP: 0/5
   896 | D:1      | Reached XP level 3. HP: 19/19 MP: 3/6
  1647 | D:2      | Noticed Robin
  1663 | D:2      | Killed Robin
  2120 | D:2      | Reached XP level 4. HP: 24/24 MP: 8/8
  2984 | D:2      | Noticed Terence
  3017 | D:1      | Killed Terence
  3357 | D:3      | Reached XP level 5. HP: 28/28 MP: 10/10
  3622 | D:3      | Learned a level 3 spell: Conjure Flame
  3627 | D:3      | Learned a level 4 spell: Sticky Flame
  3969 | D:3      | Found a runed translucent door.
  3970 | D:3      | Noticed Crazy Yiuf
  3997 | D:3      | Noticed Sigmund
  4017 | D:3      | Killed Sigmund
  4018 | D:3      | Reached XP level 6. HP: 19/32 MP: 12/12
  4725 | D:4      | Reached XP level 7. HP: 36/36 MP: 13/13
  4861 | D:4      | Found Lumaon's Armour Emporium.
  4992 | D:4      | Found Barac's General Store.
  5053 | D:4      | Reached skill level 5 in Fire Magic
  5277 | D:4      | Found Qesaphisch's Jewellery Shoppe.
  5287 | D:4      | Found Wedah's Distillery.
  5292 | D:4      | Bought a potion of heal wounds for 60 gold pieces
  5436 | D:4      | Found Letaly's Antique Armour Emporium.
  5605 | D:4      | Reached skill level 5 in Spellcasting
  5727 | D:4      | Noticed Menkaure
  5733 | D:4      | Killed Menkaure
  5734 | D:4      | Reached XP level 8. HP: 34/41 MP: 15/15
  5749 | D:4      | Reached skill level 5 in Conjurations
  5867 | D:5      | Entered Level 5 of the Dungeon
  5920 | D:5      | Found a basalt altar of Yredelemnul.
  5936 | D:5      | Found a sand-covered staircase.
  5963 | Ossuary  | Entered an ossuary
  8093 | D:5      | You fall into a shaft and drop 1 floor!
  8420 | D:5      | Found an iron altar of Okawaru.
  8747 | D:4      | Bought an uncursed amulet of reflection for 300 gold pieces
  8836 | D:6      | Learned a level 5 spell: Fireball
  8902 | D:6      | Reached XP level 9. HP: 45/45 MP: 18/18
  9064 | D:6      | Noticed Dowan
  9069 | D:6      | Noticed Duvessa
  9075 | D:6      | Killed Dowan
  9081 | D:6      | Killed Duvessa
  9334 | D:6      | Noticed Blork the orc
  9427 | D:6      | Found a staircase to the Ecumenical Temple.
  9427 | D:6      | Noticed Maggie
  9467 | D:6      | Killed Blork the orc
  9694 | D:6      | Noticed Eustachio
  9708 | D:6      | Killed Eustachio
  9713 | D:6      | Found an ancient bone altar of Kikubaaqudgha.
 10305 | D:6      | Killed Maggie
 10575 | Temple   | Entered the Ecumenical Temple
 10651 | Temple   | Became a worshipper of Vehumet
 10877 | D:6      | Found a hazy altar of Hepliaklqana.
 12113 | D:7      | Reached * piety under Vehumet
 12113 | D:7      | Offered knowledge of Freeze by Vehumet.
 12131 | D:7      | Killed from afar by an orc priest

Illustrated notes

Levels and vault maps discovered:
D:1:      scummos_arrival_forest, layout_rooms
D:2:      layout_basic, uniq_robin, uniq_terence
D:3:      layout_rooms, uniq_crazy_yiuf_cottage, uniq_sigmund
D:4:      layout_basic, serial_shops, nicolae_shop_trees, shop,
          kennysheep_little_box, kennysheep_mini_moat, shop, item_on_display_a,
          uniq_menkaure
D:5:      layout_gridville, yredelemnul_altar_generic, lemuel_doored_altar,
          nicolae_ossuary_entry_giza
D:6:      layout_gridville, old_standard_altar, kennysheep_mini,
          minmay_temple_entry_water_ring, kennysheep_generic_room_3,
          uniq_blork_the_orc, uniq_maggie, uniq_eustachio, uniq_duvessa
D:7:      layout_basic, lemuel_coloured_pillars_altar
Temple:   eino_temple_rhombus

Skill      XL: |  1  2  3  4  5  6  7  8  9 |
---------------+----------------------------+-----
Spellcasting   | 3 4 5 6 7 |  7.5
Conjurations   | 3 4 6 8 |  8.2
Fire Magic     | 4 5 6 8 |  8.0
Stealth        | 3 |  3.1
Dodging        | 2 |  2.1
Fighting       | |  0.1
Shields        | |  0.2
Unarmed Combat | |  0.5

Action                   |  1- 3 |  4- 6 |  7- 9 || total
-------------------------+-------+-------+-------++-------
Melee: Unarmed           |    18 |       |       ||    18
       Dagger            |       |       |     1 ||     1
 Cast: Foxfire           |    74 |   221 |   580 ||   875
       Sticky Flame      |       |       |     7 ||     7
       Conjure Flame     |       |       |     2 ||     2
  Use: Scroll            |       |       |    14 ||    14
       Potion            |       |       |     3 ||     3
Armor: Robe              |    32 |    18 |    26 ||    76
       Skin              |       |       |     1 ||     1
Dodge: Dodged            |    43 |    31 |    49 ||   123
Block: Other             |       |       |     4 ||     4

Table legend: (Time is in decaauts)
 A = Elapsed time spent in this place.
 B = Non-inter-level travel time spent in this place.
 C = Inter-level travel time spent in this place.
 D = Time resting spent in this place.
 E = Time spent auto-exploring this place.
 F = Levels seen in this place.
 G = Mean time per level.
                   A        B        C        D        E       F      G
               +--------+--------+--------+--------+--------+-----+--------+
         Total |  12132 |  11644 |    488 |   3810 |   5868 |   9 | 1348.0 |
       Dungeon |  10824 |  10355 |    469 |   3048 |   5542 |   7 | 1546.3 |
        Temple |    155 |    136 |     19 |      0 |    134 |   1 |  155.0 |
       Ossuary |   1151 |   1151 |      0 |    762 |    192 |   1 | 1151.0 |
               +--------+--------+--------+--------+--------+-----+--------+

Top non-repeatable levels by time:
     D:6: 2182 daAuts
     D:2: 2103 daAuts
     D:5: 1608 daAuts
     D:4: 1475 daAuts
     D:1: 1296 daAuts
 Ossuary: 1151 daAuts
     D:7: 1087 daAuts
     D:3: 1071 daAuts
  Temple: 155 daAuts
